 Dungeon Crawl Stone Soup version 0.31-a0-744-gbc345e7fcb (webtiles) character file.

Game seed: 17187104119289289491

112 Dittersdorf the Trooper (level 4, -2/29 HPs)
             Began as a Gargoyle Fighter on Sept 13, 2023.
             Slain by an iguana (10 damage)
             ... on level 4 of the Dungeon.
             The game lasted 00:02:55 (2361 turns).

Dittersdorf the Trooper (Gargoyle Fighter)          Turns: 2361, Time: 00:02:55

Health: -2/29      AC: 11    Str: 21    XL:     4   Next: 93%
Magic:  4/4        EV:  9    Int:  9    God:
Gold:   136        SH:  5    Dex: 13    Spells: 3/3 levels left

rFire   . . .        a - +0 flail
rCold   . . .        c - +0 buckler
rNeg    + . .        w - +0 scale mail of the Beggar {rCorr Dex+4 Stlth+}
rPois   ∞            e - +0 helmet
rElec   +            (no cloak)
rCorr   +            (no gloves)
SInv    +            (no boots)
Will    +....        (no amulet)
Stlth   +            s - ring of willpower
HPRegen 0.24/turn    g - ring of see invisible
MPRegen 0.09/turn

%: no passive effects
@: no status effects
A: sickness immunity, AC +3, negative energy resistance 1, electricity
resistance, torment resistance 1, petrification resistance
a: no special abilities


You were on level 4 of the Dungeon.
You visited 1 branch of the dungeon, and saw 4 of its levels.

You collected 191 gold pieces.
You spent 55 gold pieces at shops.

Inventory:

Hand Weapons
 a - a +0 flail (weapon)
Missiles
 x - a throwing net
Armour
 c - a +0 buckler (worn)
 e - a +0 helmet (worn)
 w - the +0 scale mail of the Beggar (worn) {rCorr Dex+4 Stlth+}
   (You found it on level 2 of the Dungeon)

   Dex+4:     It affects your dexterity (+4).
   rCorr:     It protects you from acid and corrosion.
   Stlth+:    It makes you more stealthy.
Jewellery
 g - a ring of see invisible (right hand)
 s - a ring of willpower (left hand)
 y - a ring of fire
Scrolls
 i - a scroll of immolation {unknown}
 m - 3 scrolls of identify {unknown}
 p - 2 scrolls of enchant armour {unknown}
 q - 2 scrolls of fear {unknown}
 v - a scroll of revelation {unknown}
 z - a scroll of vulnerability {unknown}
 A - a scroll of amnesia {unknown}
Potions
 b - 2 potions of mutation {unknown}
 d - a potion of might
 f - a potion of enlightenment {unknown}
 h - a potion of berserk rage {unknown}
 j - 3 potions of magic {unknown}
 k - a potion of ambrosia {unknown}
 l - a potion of attraction {unknown}
 n - a potion of degeneration {unknown}
 o - a potion of haste {unknown}
 r - 2 potions of cancellation {unknown}
 t - a potion of heal wounds
 u - 2 potions of curing {unknown}


   Skills:
 + Level 4.1 Fighting
 + Level 2.9 Maces & Flails
 + Level 4.1 Armour
 + Level 4.1 Shields


You had 3 spell levels left.
You didn't know any spells.
Your spell library contained the following spells:

 Spells                   Type           Power      Damage    Failure   Level
 Volatile Blastmotes      Fire/Tloc      0%         2d10      98%         3
 Fulminant Prism          Conj/Hex       0%         3d5       100%        4
 Iskenderun's Mystic Bla  Conj/Tloc      0%         2d3       100%        4


Dungeon Overview and Level Annotations

Branches:
Dungeon (4/15)
 Temple: D:4-7

Altars:

Shops:
D:2 !?[*[


Innate Abilities, Weirdness & Mutations

You are immune to sickness and miasma.
Your stone body is resilient. (AC +3)
You are immune to poison.
You resist negative energy. (rN+)
You are resistant to electric shocks. (rElec)
You are resistant to unholy torment.
You are immune to petrification.


Message History

The iguana bites you!
You barely miss the iguana.
The iguana is heavily wounded.
The iguana bites you.
You closely miss the iguana.
The iguana is heavily wounded.
The iguana barely misses you.
The iguana bites you but does no damage.
You hit the iguana.
The iguana is severely wounded.
You block the iguana's attack.
You barely miss the iguana.
The iguana is severely wounded.
The iguana barely misses you.
You hit the iguana but do no damage.
The iguana is severely wounded.
The iguana bites you!
You are too injured to fight recklessly!
You are too injured to fight recklessly!
You are too injured to fight recklessly!
You are too injured to fight recklessly!
You are too injured to fight recklessly!
You are too injured to fight recklessly!
You are too injured to fight recklessly!
You are too injured to fight recklessly!
You are too injured to fight recklessly!
You are too injured to fight recklessly!
You are too injured to fight recklessly!
You are too injured to fight recklessly!
You are too injured to fight recklessly!
You are too injured to fight recklessly!
You are too injured to fight recklessly!
You are too injured to fight recklessly!
You are too injured to fight recklessly!
You barely miss the iguana.
The iguana is severely wounded.
The iguana bites you.
* * * LOW HITPOINT WARNING * * *
The iguana bites you!
You die...

..........<#.#
#....###
.#.#.#.#####.#
###....#
##.#.#... ..#
#.##.#
..#.###########
#.# .# ####..
.......###.# .
###
.........#.# ..
.........#.# ..
.........#.#
...
....$.l@.'.#
.........###
.........#
.........#
...([....#
.........#
.##+######


You could see an iguana.

Vanquished Creatures
  3 adders
  4 worms
  4 dart slugs
  An orc (D:3)
  9 ball pythons
  3 endoplasms
  4 giant cockroaches
  6 goblins
  6 hobgoblins
  3 jackals (D:1)
  3 kobolds
  6 quokkas
  5 bats
  2 frilled lizards
  4 rats
63 creatures vanquished.

Vanquished Creatures (others)
  A quokka (D:1)
1 creature vanquished.

Grand Total: 64 creatures vanquished

Notes
Turn   | Place    | Note
-------+----------+-------------------------------------------
     0 | D:1      | Dittersdorf the Gargoyle Fighter began the quest for the
                  | Orb.
     0 | D:1      | Reached XP level 1. HP: 14/14 MP: 1/1
   165 | D:1      | Reached XP level 2. HP: 19/19 MP: 2/2
   320 | D:1      | Found a faded altar of an unknown god.
   401 | D:1      | Reached XP level 3. HP: 24/24 MP: 3/3
   736 | D:2      | Found Beadag's Antique Armour Shoppe.
   807 | D:2      | Found Nieteac's Distillery.
   822 | D:2      | Bought a potion of heal wounds for 55 gold pieces
   858 | D:2      | Found Giusch's General Store.
   859 | D:2      | Found Miaj's Magic Scroll Shoppe.
   876 | D:2      | Found Vaufiyn's Antique Armour Emporium.
  1267 | D:2      | Reached XP level 4. HP: 29/29 MP: 4/4
  1272 | D:2      | Identified the +0 scale mail of the Beggar {rCorr Dex+4
                  | Stlth+}
  2361 | D:4      | Slain by an iguana

Illustrated notes

Levels and vault maps discovered:
D:1:      heliophobic_arrival_dark_side_of_the_moon, layout_rooms,
          shapermc_ecumenical_altar_gd, lemuel_flame_loot_1
D:2:      kennysheep_six_static_rooms, layout_loops_ring, serial_rivers,
          chequers_serial_rivers_micro_b, chequers_serial_rivers_marsh,
          chequers_serial_rivers_micro_a, chequers_serial_rivers_micro_a,
          serial_shops, shop, shop, shop, shop, nicolae_shop_tiny_glass,
          minmay_tiny_reverse_x
D:3:      layout_basic
D:4:      layout_basic, hangedman_decor_diamond_cutter

Skill      XL: |  1  2  3  4 |
---------------+-------------+-----
Fighting       | 4 |  4.1
Armour         | 4 |  4.1
Shields        | 4 |  4.1
Maces & Flails | |  2.9

Action                     |  1- 3 |  4- 6 || total
---------------------------+-------+-------++-------
  Melee: Flail             |   130 |    77 ||   207
 Armour: Scale mail        |     2 |    55 ||    57
         Chain mail        |   100 |       ||   100
  Dodge: Dodged            |    61 |    27 ||    88
  Block: Buckler           |    32 |    18 ||    50

Table legend: (Time is in decaauts)
 A = Elapsed time spent in this place.
 B = Non-inter-level travel time spent in this place.
 C = Inter-level travel time spent in this place.
 D = Time resting spent in this place.
 E = Time spent auto-exploring this place.
 F = Levels seen in this place.
 G = Mean time per level.
                   A        B        C        D        E       F      G
               +--------+--------+--------+--------+--------+-----+--------+
         Total |   2428 |   2277 |    151 |      0 |   1768 |   4 |  607.0 |
       Dungeon |   2428 |   2277 |    151 |      0 |   1768 |   4 |  607.0 |
               +--------+--------+--------+--------+--------+-----+--------+

Top non-repeatable levels by time:
     D:2: 994 daAuts
     D:3: 796 daAuts
     D:1: 582 daAuts
     D:4: 55 daAuts
